Cogmind - Beta 13 @@@ ROGUE MODE // 2024.04.05 @ 22:52:40 Player: DURANDAL Result: Destroyed by S-10 Pest with Light Assault Rifle Performance ------------- Evolutions (0) 0 Regions Visited (4) 800 Robots Destroyed (12) 60 Value Destroyed (301) 301 Prototype IDs (1) 20 Alien Tech Used (0) 0 Bonus (233) 233 TOTAL SCORE: 1414 Bonus ------- Follower Combat Kills 7 Aligned with FarCom 300 Friendly Fire -74 Cogmind --------- Core Integrity 0/250 Matter 270/300 Energy 125/125 System Corruption 0% Temperature Cool (0) Movement Treading (400) Ox3 Location -9/Mines Parts ------- > --- POWER (1) -------- Light Ion Engine > --- PROPULSION (2) --- Light Treads > --- UTILITY (2) ------ Large Storage Unit High-capacity Storage Unit > --- WEAPON (2) ------- Field Lobotomy Kit > --- INVENTORY (20) --- Light Treads Humpback Humpback Large Matter Pod (83) Large Matter Pod (0) Structural Scanner Improved Terrain Scanner Targeting Computer Targeting Computer Medium Armor Plating Medium Armor Plating Hardened Light Armor Plating Hardened Light Armor Plating Improved Light Armor Plating Peak State ------------ > --- POWER ------------ Light Ion Engine > --- PROPULSION ------- Light Treads Light Treads > --- UTILITY ---------- Small Storage Unit Large Storage Unit > --- WEAPON ----------- Field Lobotomy Kit > --- INVENTORY -------- Light Treads Large Matter Pod Large Matter Pod Structural Scanner Improved Terrain Scanner Targeting Computer Targeting Computer Medium Armor Plating Medium Armor Plating Hardened Light Armor Plating Hardened Light Armor Plating Improved Light Armor Plating [Rating: 17] Favorites ----------- Power Light Ion Engine Engine Light Ion Engine Propulsion Light Treads Treads Light Treads Utility Large Storage Unit Storage Large Storage Unit Weapon Field Lobotomy Kit Ballistic Gun Assault Rifle Launcher Grenade Launcher Special Weapon Field Lobotomy Kit Build | -11 -10 -10 -10 -9 ------- Run | Yrd Mat Min Exi Min Slots Evolved . | . . . . . Power . | . . . . . Propulsion . | . . . . . Utility . | . . . . . Weapon . | . . . . . Parts Attached 15 | 6 2 3 4 . Power 3 | 2 . . 1 . Engine 3 | 2 . . 1 . Core . | . . . . . Reactor . | . . . . . Propulsion 3 | 2 . . 1 . Treads 3 | 2 . . 1 . Leg . | . . . . . Wheel . | . . . . . Hover . | . . . . . Flight . | . . . . . Utility 3 | 1 1 . 1 . Device . | . . . . . Storage 3 | 1 1 . 1 . Processor . | . . . . . Hackware . | . . . . . Protection . | . . . . . Artifact . | . . . . . Weapon 6 | 1 1 3 1 . Energy Gun . | . . . . . Energy Cannon . | . . . . . Ballistic Gun 1 | 1 . . . . Ballistic Cannon . | . . . . . Launcher 2 | . 1 1 . . Special Weapon 3 | . . 2 1 . Impact Weapon . | . . . . . Slashing Weapon . | . . . . . Piercing Weapon . | . . . . . Special Melee Weapon . | . . . . . Unidentified Prototypes 1 | . . . 1 . Parts Lost 7 | . 1 5 . 1 Power 1 | . . 1 . . Propulsion 2 | . . 1 . 1 Utility . | . . . . . Weapon 4 | . 1 3 . . Highest Loss Streak 5 | . 1 5 . 1 To Critical Strikes . | . . . . . Average Slot Usage (%) 80 | . 90 63 80 84 Engine 12 | . 14 5 13 14 Treads 26 | . 28 20 27 27 Storage 26 | . 22 28 28 28 Ballistic Gun 4 | . 14 6 . . Launcher 2 | . 10 . . . Special Weapon 6 | . . 1 9 14 Naked Turns . | . . . . . Heaviest Build 71 | 12 35 35 71 71 Greatest Support 40 | 40 40 40 40 40 Greatest Overweight (x) 1 | . . 1 1 1 Average Overweight (x) . | . . . . 1 Largest Inventory Capacity 20 | 8 15 15 20 20 Average Capacity 16 | 7 12 15 18 20 Most Carried 16 | 3 15 15 16 16 Average Carried 12 | . 6 14 13 16 Final Capacity 20 | 8 15 15 20 20 Final Carried 16 | 1 15 14 16 16 Class Distribution -------------------- 100% | Mutant Dominant Class ---------------- Mutant | -10/Materials Mutant | -10/Mines Mutant | -10/Exiles Mutant | -9/Mines Resources | -11 -10 -10 -10 -9 ----------- Run | Yrd Mat Min Exi Min Matter Collected 564 | 260 218 86 . . Remotely . | . . . . . Salvage Created 322 | . 286 36 . . Parts 28 | . 25 3 . . Haulers Intercepted 1 | . 1 . . . Recyclers Shooed 1 | . 1 . . . Parts Field Recycled . | . . . . . Retrieved Matter . | . . . . . Parts Self-Destructed . | . . . . . Prevented . | . . . . . Kills | -11 -10 -10 -10 -9 ------- Run | Yrd Mat Min Exi Min Combat Hostiles Destroyed 7 | . 6 1 . . Guns 5 | . 5 . . . AOE 2 | . 1 1 . . Classes Destroyed 7 | . 5 2 . . Worker 1 | . . 1 . . Builder 1 | . 1 . . . Tunneler 1 | . 1 . . . Hauler 1 | . 1 . . . Operator 1 | . 1 . . . Grunt 6 | . 6 . . . Demolisher 1 | . . 1 . . Best Kill Streak 6 | . 6 1 . . Combat Bots Only 4 | . 4 1 . . Max Kills in Single Turn 1 | . 1 1 . . Gunslinging . | . . . . . Exploded 1 | . 1 1 . . Melee . | . . . . . Uniques/NPCs Destroyed . | . . . . . Combat | -11 -10 -10 -10 -9 -------- Run | Yrd Mat Min Exi Min Hostile Shots Fired 81 | . 29 28 . 24 Missed 27 | . 13 8 . 6 Damage Taken 965 | . 250 560 . 155 Core 251 | . 10 203 . 38 Absorbed by Shields . | . . . . . Core Remaining (%) 100 | 100 . . . . Volleys Fired 53 | . 47 6 . . Largest 2 | . 2 2 . . Hottest 100 | . 50 100 . . Shots Fired 60 | . 50 10 . . Gun 52 | . 47 5 . . Cannon . | . . . . . Launcher 7 | . 3 4 . . Special 1 | . . 1 . . Kinetic 52 | . 47 5 . . Thermal 1 | . . 1 . . Explosive 7 | . 3 4 . . Electromagnetic . | . . . . . Robot Hit Streak 7 | . 7 1 . . Robot Miss Streak 3 | . 3 1 . . Penetration Max . | . . . . . Secondary Targets . | . . . . . Shots Hit Robots 32 | . 29 3 . . Core Hits 33 | . 19 14 . . Critical Kills . | . . . . . Critical Parts Destroyed . | . . . . . Critical Strikes . | . . . . . Melee Attacks . | . . . . . Impact . | . . . . . Slashing . | . . . . . Piercing . | . . . . . Sneak Attacks . | . . . . . Combat Hostiles . | . . . . . Follow-up Attacks . | . . . . . Damage Inflicted 819 | . 634 174 . 11 Guns 399 | . 361 38 . . Cannons . | . . . . . Explosions 358 | . 242 116 . . Melee . | . . . . . Ramming 62 | . 31 20 . 11 Kinetic 399 | . 361 38 . . Thermal . | . . . . . Explosive 358 | . 242 116 . . Electromagnetic . | . . . . . Impact . | . . . . . Slashing . | . . . . . Piercing . | . . . . . Highest Corruption . | . . . . . Average Corruption . | . . . . . Corruption Purged . | . . . . . Corruption Blocked . | . . . . . Overload Shots . | . . . . . Overflow Damage . | . . . . . Projectiles . | . . . . . Explosions . | . . . . . Melee . | . . . . . Knockbacks . | . . . . . Impact . | . . . . . Kinetic . | . . . . . Secondary . | . . . . . Self-Inflicted Damage 24 | . . 24 . . Shots 2 | . . 2 . . Rammed 9 | . 3 4 . 2 Targets Rammed 10 | . 3 5 . 2 Kicked . | . . . . . Crushed 1 | . . 1 . . Highest Temperature 20 | . 18 20 . . Average Temperature 9 | . 7 12 . . Received Heat Transfer 123 | . 123 . . . Siege Activations . | . . . . . Robots Corrupted . | . . . . . Combat Hostiles . | . . . . . Parts Fried . | . . . . . Impact Corruptions . | . . . . . Robots Melted . | . . . . . Combat Hostiles . | . . . . . Parts Melted . | . . . . . Heat Transferred . | . . . . . Parts Sabotaged . | . . . . . Parts Stolen . | . . . . . Parts Stripped . | . . . . . Power Chain Reactions . | . . . . . Alert | -11 -10 -10 -10 -9 ------- Run | Yrd Mat Min Exi Min Peak Influence 150 | . 150 89 . 15 Initial 58 | . . 58 . . Average 35 | . 60 33 . . Maximum Alert Level . | . . . . . Low Security (%) 100 | 100 100 100 . 100 Level 1 . | . . . . . Level 2 . | . . . . . Level 3 . | . . . . . Level 4 . | . . . . . Level 5 . | . . . . . High Security . | . . . . . Max Security . | . . . . . Squads Dispatched 2 | . 2 . . . Investigation . | . . . . . Extermination . | . . . . . Reinforcement 2 | . 2 . . . Assault . | . . . . . Garrison . | . . . . . Intercept . | . . . . . Searches Triggered . | . . . . . Construction Impeded . | . . . . . Haulers Reinforced . | . . . . . Active Scanning Responses . | . . . . . Cargo Convoy Interrupts . | . . . . . Stealth | -11 -10 -10 -10 -9 --------- Run | Yrd Mat Min Exi Min Distress Signals 4 | . 4 . . . Communications Jammed . | . . . . . Distress Signals . | . . . . . Times Spotted 21 | . 12 5 . 4 Peak Tracking Total 3 | . 3 3 . 3 Tactical Retreats 2 | . 1 . . 1 Traps | -11 -10 -10 -10 -9 ------- Run | Yrd Mat Min Exi Min Traps Triggered 2 | . 2 . . . Indirectly . | . . . . . Trap Hack Attempts . | . . . . . Triggered . | . . . . . Disarmed . | . . . . . Reprogrammed . | . . . . . Reused . | . . . . . Traps Extracted . | . . . . . Installed . | . . . . . Triggered . | . . . . . Machines | -11 -10 -10 -10 -9 ---------- Run | Yrd Mat Min Exi Min Machines Disabled . | . . . . . Max in Single Turn . | . . . . . Machines Repaired . | . . . . . Machines Dismantled . | . . . . . Machines Sabotaged . | . . . . . Overloaded Fab Kills . | . . . . . Hacking | -11 -10 -10 -10 -9 --------- Run | Yrd Mat Min Exi Min Machines Accessed 6 | . 4 . 2 . Terminals 4 | . 4 . . . Fabricators . | . . . . . Repair Stations . | . . . . . Recycling Units . | . . . . . Scanalyzers . | . . . . . Garrison Access . | . . . . . Total Hacks 39 | . 7 . 32 . Successful 37 | . 5 . 32 . Failed 2 | . 2 . . . Catastrophic 1 | . 1 . . . Database Lockouts . | . . . . . Manual 1 | . . . 1 . Terminals 7 | . 7 . . . Fabricators . | . . . . . Repair Stations . | . . . . . Recycling Units . | . . . . . Scanalyzers . | . . . . . Garrison Access . | . . . . . Terminal Hacks 37 | . 5 . 32 . Record 32 | . . . 32 . Robot Analysis 1 | . 1 . . . Emergency Access Points 1 | . 1 . . . Alert Level 1 | . 1 . . . Locate Traps 1 | . 1 . . . Hauler Manifests 1 | . 1 . . . Fabricator Hacks . | . . . . . Repair Station Hacks . | . . . . . Recycling Unit Hacks . | . . . . . Scanalyzer . | . . . . . Garrison Access Hacks . | . . . . . Unauthorized Hacks . | . . . . . Terminals . | . . . . . Fabricators . | . . . . . Repair Stations . | . . . . . Recycling Units . | . . . . . Scanalyzers . | . . . . . Garrison Access . | . . . . . Data Cores Recovered . | . . . . . Used . | . . . . . Hacking Detections 1 | . 1 . . . Full Trace Events 1 | . 1 . . . Feedback Events . | . . . . . Feedback Blocked . | . . . . . Robot Schematics Acquired . | . . . . . Robots Built . | . . . . . Authchips . | . . . . . Time . | . . . . . Total Robot Build Rating . | . . . . . Part Schematics Acquired . | . . . . . Parts Built . | . . . . . Authchips . | . . . . . Time . | . . . . . Total Part Build Rating . | . . . . . Parts Repaired . | . . . . . Time . | . . . . . Parts Recycled . | . . . . . Recycled Matter . | . . . . . Retrieved Matter . | . . . . . Retrieved Components . | . . . . . Parts Scanalyzed . | . . . . . Part Schematics Acquired . | . . . . . Parts Damaged . | . . . . . Bothacking | -11 -10 -10 -10 -9 ------------ Run | Yrd Mat Min Exi Min Used RIF Installer . | . . . . . Robots Hacked . | . . . . . Non-combat . | . . . . . Combat . | . . . . . Robot Hacks Applied . | . . . . . Relay Couplers Released . | . . . . . Fabnet Peak Effective % . | . . . . . Robots Rewired . | . . . . . Allies Hacked . | . . . . . Hacks Repelled . | . . . . . Allies | -11 -10 -10 -10 -9 -------- Run | Yrd Mat Min Exi Min Total Allies 4 | . . 4 . . Largest Group 4 | . . 4 . . Highest-Rated Group 71 | . . 71 . . Highest-Rated Ally 31 | . . 31 . . Total Orders . | . . . . . Ally Attacks 7 | . . 7 . . Total Damage 83 | . . 83 . . Kills 2 | . . 2 . . Allies Corrupted . | . . . . . Allies Melted . | . . . . . Intel | -11 -10 -10 -10 -9 ------- Run | Yrd Mat Min Exi Min Robot Analysis Total 1 | . 1 . . . Derelict Logs Recovered . | . . . . . Drone Launches . | . . . . . Drone Recoveries . | . . . . . Exploration | -11 -10 -10 -10 -9 ------------- Run | Yrd Mat Min Exi Min Turns Passed 2979 | 76 663 501 1379 360 Spaces Moved 1438 | 47 340 235 668 148 Core 10 | 10 . . . . Treads 1428 | 37 340 235 668 148 Legs . | . . . . . Wheels . | . . . . . Hover . | . . . . . Flight . | . . . . . Fastest Speed 50 | 50 160 160 160 240 Average Speed 194 | 136 160 196 204 240 Slowest Speed 240 | 160 160 240 240 240 Overloaded Moves . | . . . . . Propulsion Burnouts . | . . . . . Robots Hopped . | . . . . . Cave-ins Triggered . | . . . . . Exploration Rate (%) 44 | 5 44 54 72 46 Regions Visited 4 Branch Regions 3 Pre-discovered Areas 1 | . . . 1 . Known Exits Taken . | . . . . . Unknown Exits Taken 4 | 1 1 1 1 . Scrap Searched 1 | . . 1 . . Spaces Dug 1 | . . 1 . . Terrain Destroyed 39 | . 17 22 . . Melee . | . . . . . Projectile 1 | . . 1 . . AOE 38 | . 17 21 . . Terrain Rammed . | . . . . . Walls Destroyed . | . . . . . Machines Disabled . | . . . . . Actions | -11 -10 -10 -10 -9 --------- Run | Yrd Mat Min Exi Min Total 1554 | 58 407 259 680 150 Wait 6 | . . 4 2 . Move 1434 | 46 339 234 667 148 Hop . | . . . . . Pick Up 31 | 6 16 4 5 . Fast Attach . | . . . . . Attach 12 | 5 2 2 3 . Detach . | . . . . . Swap 3 | 1 . 1 1 . Drop 5 | . . 3 2 . Fire 53 | . 47 6 . . Melee . | . . . . . Ram . | . . . . . Kick . | . . . . . Crush 10 | . 3 5 . 2 Escape Stasis . | . . . . . Rewire . | . . . . . Trap . | . . . . . Miscellaneous . | . . . . . Route ------- -11/Scrapyard -10/Materials (discovered 2 exits: [*Mat] / [*Min]) -10/Mines (discovered 2 exits: [*Mat] / *Exi) -10/Exiles -9/Mines (discovered 1 exit: [*Mat]) History --------- Turn | Location | Event 6 | -11/Scrapyard | Discovered new exit (range 16) 77 | -11/Scrapyard | Entered Materials 315 | -10/Materials | Build established: Mutant 326 | -10/Materials | Discovered new exit (range 7) 630 | -10/Materials | Discovered new exit (range 5) 740 | -10/Materials | Entered Mines 785 | -10/Mines | Discovered new exit (range 8) 811 | -10/Mines | Assisted by bots powering up and referring to "LRC-V3" 860 | -10/Mines | Received a Mining Laser from a helpful Derelict 942 | -10/Mines | Assembled infested the area 960 | -10/Mines | Core integrity fell below 50% 981 | -10/Mines | Core integrity fell below 20% 992 | -10/Mines | Lost 4 allies 1007 | -10/Mines | Lost 5 parts (1p1n3w) 1082 | -10/Mines | Met 8R-AWN 1231 | -10/Mines | Discovered new exit (range 5) 1241 | -10/Mines | Entered Exiles 1297 | -10/Exiles | Welcomed by 8R-AWN 1324 | -10/Exiles | Met EX-HEX 1379 | -10/Exiles | Met EX-BIN 1401 | -10/Exiles | Aligned with FarCom system 1403 | -10/Exiles | Given EX-Vault access code 1518 | -10/Exiles | Met EX-DEC 1533 | -10/Exiles | Learned location of Zion (-6) 1613 | -10/Exiles | Opened EX-Vault 1624 | -10/Exiles | Found Prototype Special Weapon 1641 | -10/Exiles | Identified Field Lobotomy Kit 1658 | -10/Exiles | Warned to stay clear of 0b10 Research branches 1936 | -10/Exiles | Discovered new exit (range 12) 2620 | -10/Exiles | Left Exiles lab with Field Lobotomy Kit 2620 | -10/Exiles | Entered Mines 2947 | -9/Mines | Discovered new exit (range 9) 2980 | -9/Mines | Destroyed by S-10 Pest with Light Assault Rifle Last Messages --------------- 01758_ Dropped Sml. Storage Unit. SN-HNA(z): I wish the Exiles would finish that old telephasing project they were working on, it sure would save us a lot of time when running errands. I'm not complaining though, nope, not me! I get that having only half of the bot ever arrive at its destination is tough on maintenance, and they said there likely wouldn't be any breakthroughs in the near term so they're doing FarCom instead. 01936_ EXIT=FOUND 02015_ Acquired Humpback. 02262_ Connecting with HEX's Terminal... LOCATION=UNKNOWN GOAL=ESCAPE 02620_ Receiving FarCom transmissions... 02947_ EXIT=FOUND 02975_ Lgt. Treads destroyed. 02976_ Slammed into S-10 Pest. Map ----- +----------------------------------------------------+ | | | | | | | ?????????????????????????????????????????????????? | | ?????????????????????????????????????????????????? | | ???????????????????????????#######???????????????? | | ??????????????????????????## ##??????????????? | | ??????????????????????????# #??????????????# | | ??????????????????????????# #????????????## | | ???????????????????????????# ##??????????## | | ???????????????????????????## ####???????# | | ????????????????????????????### ##?????## | | ??????????????????????????????## #???### | | ???????????????????????????????## #??## | | ????????????????????????????????# #### | | ????????????????????????????##### ## | | ????????????????????????????# | | ????????????????????????????# | | ????????????????????????????# #### | | ????????????????????????????# #??## | | ????????????????????????????# #???# | | ????????????#??????????????##r ##??## | | ???????????## #??????????## ##??# | | ???????????# ???????## #??## | | ???????????# ???### #???# | | ???????????# ## @ #???# # | | ????????????# < ss ## ##???# ## | | ????????????# $ s ########???## #? | | ???????????# ######?????????## #? | | ????????? #??###??????????## #? | | ????????? ????## #?????????# #####? | | ?????????? ??????# #####????## #????? | | ??????????# ????????# ##????### #????? | | ?????????????????????# ##?????## #????? | | ???????????????????????# ######## #????? | | ???????????????????????#### ##????# | | ??????????????????????????## ##???## | | ??????????????????????????## """ ###### ##?## | | ????????????????????????### """ #???# ### | | ???????????????????????## """ #???# | | ???????????????????????# #???# | | ???????????????????????## #???## | | ????????????""" ########### ## #????##### | | ????????????""" ## #?# ##??????# | | ????????????""" ## #### ##?????# | | ???????? ####### ### ##????## | | ??????????????????????# ##### #??# ##????## | | ??????????????????????# #???# #?## ##????# | | ??????????????????????# #???# #?# #????## | | ??????????????????????# #???# ### #?????## | +----------------------------------------------------+ Best States ------------- Heat Dissipation 25 Energy Generation 10 Energy Capacity 250 Matter Stores 300 Matter Capacity 300 Sight Range 16 Terrain Scan Density 10 Evasion (%) 50 Recoil Reduction 2 Item Schematics ----------------- None Robot Schematics ------------------ None Fabricated ------------ Nothing Alien Tech Used ----------------- None Achievements -------------- Shopping List Challenges ------------ None Game ------ Seed TerrainSwordRigger Manual? 0 Play Time 00:28:36 Cumulative 4.5 hours Start 2024.04.05 @ 22:23:08 End 2024.04.05 @ 22:52:40 Sessions 1 Manual Loads 0 Difficulty Rogue Special Mode None Game No. 7 Rogue 7 Adventurer 0 Explorer 0 Win Type - Total 0 Types 0/0/0/0/0/0/0/0/0 Lore% 12 Gallery% 8 Achievement% 9 Wizard Run 0 Options --------- Layout 1 ASCII 0 Keyboard 0 Movement Numpad Keybinds 0 Fullscreen 1 Font 24/Smallcaps Map View 50x35 Zoom Use 0% Tactical HUD 1 Map Filters NONE Filters NONE Steam 1 RUN: b1491aed-cc71-48c3-a5db-8b673812bc61